Map: Overgrowth LE (Void)

Players

Stephano - Winner!

  • Race: Zerg Zerg
  • Spawn Location: 7:00

MCMC (MC)

  • Race: Protoss Protoss
  • Spawn Location: 1:00

Event: Gamers8 2023

VOD

Have the link to the VOD?

Description

Time

  • Played on: Aug. 5, 2023, 8:47 a.m.
  • Length: 14:22

All games in this series

Show
View Real Time Build Order
Export as new Build Order

Stephano Zerg - Winner!

Build Orders: Hatch First, Swarm Host 

Get SALT Encoding   

  12  0:00  Drone  
  13  0:14  Overlord  
  13  0:17  Drone  
  14  0:33  Drone  
  15  0:44  Drone  
  15  0:48  Hatchery  
  15  0:52  Drone  
  15  0:55  Drone  
  17  0:59  Drone  
  18  1:08  Extractor  
  17  1:14  Spawning Pool  
  17  1:17  Drone  
  17  1:21  Drone  
  18  1:30  Drone  
  19  1:41  Drone  
  20  1:51  Drone  
  21  2:01  Queen x2  
  21  2:02  Zergling x2  
  21  2:03  Drone  
  27  2:13  Overlord  
  28  2:20  Hatchery  
  28  2:22  Drone  
  27  2:28  Metabolic Boost  
  27  2:30  Drone  
  27  2:33  Drone  
  29  2:40  Queen  
  31  2:45  Zergling x2  
  31  2:47  Overlord  
  31  2:51  Drone  
  33  2:54  Drone  
  33  2:56  Drone  
  35  3:06  Drone  
  35  3:07  Drone  
  35  3:12  Drone x3  
  40  3:13  Drone x2  
  40  3:16  Queen  
  44  3:22  Overlord  
  44  3:31  Queen  
  44  3:32  Queen  
  44  3:33  Drone  
  49  3:35  Drone  
  49  3:37  Overlord  
  50  3:46  Zergling x10  
  50  3:48  Drone x2  
  57  3:52  Drone  
  57  3:55  Overlord  
  58  4:00  Spore Crawler  
  58  4:01  Overlord  
  56  4:03  Drone x3  
  56  4:07  Overlord  
  59  4:20  Drone x3  
  59  4:21  Drone x2  
  64  4:27  Drone x6  
  64  4:29  Extractor  
  64  4:30  Extractor  
  68  4:32  Roach Warren  
  68  4:33  Drone x2  
  69  4:42  Drone x2  
  69  4:43  Drone  
  69  4:44  Overlord  
  72  4:46  Lair  
  72  4:49  Spore Crawler  
  71  4:54  Drone x5  
  71  4:57  Overlord  
  71  4:58  Drone x2  
  78  5:02  Evolution Chamber  
  76  5:07  Zergling x4  
  76  5:08  Drone x2  
  76  5:09  Drone x2  
  76  5:12  Extractor  
  76  5:13  Extractor, Spore Crawler  
  79  5:28  Overlord  
  78  5:30  Drone x2  
  78  5:31  Drone x2  
  78  5:33  Overlord  
  78  5:34  Overlord x2  
  78  5:35  Zerg Missile Weapons Level 1  
  80  5:39  Drone  
  80  5:40  Hatchery  
  80  5:44  Overlord  
  80  5:49  Roach x6  
  92  5:51  Glial Reconstitution  
  92  5:54  Roach  
  92  5:55  Zergling x4  
  92  5:56  Zergling x2  
  96  6:03  Roach x3  
  96  6:04  Evolution Chamber  
  100  6:05  Zergling x2  
  100  6:06  Zergling x2  
  100  6:08  Roach  
  104  6:14  Roach x3  
  108  6:22  Zergling x10  
  110  6:29  Roach  
  110  6:30  Roach x3  
  114  6:37  Roach x4  
  115  6:41  Overlord  
  115  6:43  Overlord  
  115  6:46  Overlord  
  111  6:49  Overlord  
  111  6:51  Drone x2  
  112  7:03  Drone x2  
  112  7:05  Infestation Pit, Overseer  
  113  7:09  Drone x8  
  121  7:25  Pneumatized Carapace  
  121  7:30  Drone  
  121  7:31  Overlord x2, Drone  
  121  7:32  Zerg Missile Weapons Level 2  
  121  7:36  Extractor, Drone x3  
  125  7:37  Hatchery  
  121  7:44  Overlord  
  121  7:46  Overlord  
  121  7:49  Overlord  
  121  7:50  Zergling x2  
  121  7:52  Overlord  
  121  7:53  Swarm Host x3  
  121  7:57  Swarm Host x2  
  136  8:04  Swarm Host x3  
  145  8:10  Swarm Host x2  
  150  8:20  Zerg Melee Weapons Level 1  
  150  8:33  Swarm Host  
  150  8:34  Swarm Host x3  
  150  8:36  Zergling x2  
  150  8:37  Zergling x26  
  176  8:46  Zergling x4  
  178  8:48  Swarm Host  
  178  8:49  Swarm Host  
  178  8:52  Hive  
  184  9:01  Baneling Nest  
  184  9:02  Drone x3  
  186  9:05  Zergling x22  
  191  9:15  Ravager x4  
  194  9:26  Zergling x12  
  194  9:29  Overlord  
  200  9:51  Zergling x12  
  195  10:02  Centrifugal Hooks  
  195  10:12  Zergling x12  
  196  10:18  Zerg Melee Weapons Level 2  
  196  10:19  Zerg Missile Weapons Level 3  
  196  10:35  Zergling x36  
  199  10:42  Zergling x38  
  174  10:48  Roach x5  
  153  11:00  Roach x9  
  153  11:01  Roach x4  
  171  11:10  Roach x5  
  174  11:15  Zergling x2  
  174  11:16  Zergling x8  
  173  11:19  Adrenal Glands  
  173  11:22  Zergling x6  
  173  11:27  Baneling  
  173  11:28  Baneling x11  
  173  11:29  Zergling x20  
  177  11:41  Roach x5  
  177  11:42  Roach x4  
  190  11:53  Zergling x8  
  190  11:54  Zergling x8  
  183  12:05  Ultralisk Cavern  
  179  12:10  Zergling x2  
  179  12:11  Zergling x26  
  192  12:17  Spine Crawler  
  192  12:18  Spine Crawler  
  192  12:19  Spine Crawler  
  188  12:28  Zergling x28  
  192  12:33  Roach x3  
  186  12:41  Roach x6  
  178  12:48  Zergling x8  
  156  12:59  Roach x9  
  156  13:00  Roach x2  
  171  13:11  Hatchery  
  166  13:18  Baneling  
  159  13:27  Roach x20  
  180  13:35  Zergling x14  
  184  13:48  Roach x7  
  196  13:54  Baneling x9  
  197  13:55  Zergling x6  
  197  13:58  Zergling x2  
Show
View Real Time Build Order
Export as new Build Order

MCMC Protoss 

Build Orders: 1 Gate Expand, Oracle Opening 

Get SALT Encoding   

  12  0:00  Probe  
  13  0:12  Probe  
  14  0:20  Pylon  
  14  0:24  Probe  
  15  0:38  Gateway, Probe (Chrono Boost)  
  16  0:48  Assimilator  
  16  0:49  Probe (Chrono Boost)  
  17  0:53  Probe (Chrono Boost)  
  18  1:04  Probe  
  19  1:16  Probe  
  20  1:24  Nexus  
  20  1:29  Nexus  
  20  1:38  Cybernetics Core  
  20  1:42  Probe  
  20  1:46  Assimilator  
  21  1:54  Probe  
  22  1:56  Pylon  
  22  2:06  Probe (Chrono Boost)  
  23  2:12  Adept (Chrono Boost)  
  26  2:17  Probe (Chrono Boost)  
  26  2:21  Probe (Chrono Boost)  
  27  2:31  Stargate  
  27  2:33  Probe (Chrono Boost)  
  27  2:34  Adept  
  30  2:38  Warp Gate  
  30  2:42  Probe (Chrono Boost)  
  31  2:50  Probe (Chrono Boost)  
  33  2:52  Probe (Chrono Boost)  
  33  2:56  Probe (Chrono Boost)  
  33  2:57  Probe (Chrono Boost)  
  34  3:02  Pylon  
  34  3:04  Adept  
  37  3:08  Probe x2  
  39  3:18  Void Ray (Chrono Boost)  
  43  3:20  Probe x2  
  43  3:26  Gateway  
  45  3:32  Probe  
  45  3:33  Probe  
  47  3:34  Adept  
  49  3:44  Probe  
  49  3:45  Probe  
  49  3:47  Pylon  
  49  3:48  Oracle  
  54  3:58  Pylon  
  54  4:06  Nexus  
  54  4:10  Twilight Council  
  54  4:12  Probe x2  
  56  4:19  Shield Battery  
  56  4:24  Probe x2  
  56  4:26  Adept x2  
  62  4:35  Gateway  
  62  4:36  Gateway  
  62  4:38  Pylon  
  62  4:41  Probe x2  
  62  4:42  Resonating Glaives (Chrono Boost)  
  63  4:47  Assimilator  
  63  4:48  Assimilator  
  63  4:57  Adept x2  
  63  4:59  Pylon  
  67  5:05  Robotics Facility  
  67  5:08  Probe x2  
  69  5:15  Forge  
  69  5:17  Pylon  
  69  5:20  Probe  
  69  5:21  Probe  
  71  5:23  Adept x2  
  75  5:34  Adept x2  
  79  5:39  Probe x3  
  82  5:44  Adept x2  
  82  5:45  Protoss Ground Weapons Level 1 (Chrono Boost)  
  86  5:51  Probe x2  
  86  5:54  Warp Prism (Chrono Boost)  
  86  5:56  Adept x2  
  94  6:05  Adept x2  
  98  6:16  Probe x3, Blink (Chrono Boost)  
  101  6:21  Stalker x2  
  103  6:26  Robotics Bay  
  97  6:40  Probe  
  97  6:45  Stalker x4  
  97  6:46  Probe x2  
  96  6:52  Probe  
  92  6:58  Gateway, Probe  
  92  7:00  Gateway  
  89  7:03  Gateway  
  89  7:04  Robotics Facility, Gateway  
  89  7:11  Stalker x3  
  89  7:13  Disruptor (Chrono Boost)  
  89  7:14  Stalker  
  97  7:19  Probe  
  97  7:20  Probe x2  
  103  7:31  Pylon  
  103  7:32  Protoss Ground Weapons Level 2 (Chrono Boost), Probe x2  
  103  7:33  Pylon, Assimilator x2  
  103  7:35  Pylon  
  105  7:46  Disruptor (Chrono Boost)  
  108  7:56  Disruptor (Chrono Boost)  
  108  8:03  Stalker x2  
  108  8:04  Nexus  
  115  8:06  Pylon  
  115  8:07  Charge (Chrono Boost)  
  115  8:08  Probe x3  
  115  8:10  Pylon  
  116  8:21  Disruptor (Chrono Boost)  
  119  8:34  Shield Battery  
  119  8:35  Photon Cannon, Stalker x5  
  119  8:40  Immortal (Chrono Boost)  
  129  8:48  Probe x3  
  136  8:50  Assimilator  
  136  8:52  Immortal (Chrono Boost)  
  136  8:53  Assimilator  
  140  9:01  Probe x2  
  140  9:02  Probe  
  143  9:12  Observer  
  138  9:17  Stalker x7  
  152  9:25  Probe x4  
  152  9:27  Templar Archives  
  156  9:39  Stalker  
  158  9:52  Stalker x4  
  158  9:57  Pylon  
  158  9:58  Pylon  
  164  10:00  Pylon  
  164  10:01  Pylon  
  164  10:15  Immortal x2  
  164  10:17  Zealot x5  
  164  10:18  Zealot x3, Protoss Ground Weapons Level 3 (Chrono Boost)  
  164  10:19  Pylon  
  169  10:44  Nexus  
  146  10:52  High Templar  
  146  10:53  Zealot x3, High Templar x3  
  146  10:54  Zealot  
  142  11:04  Archon x2  
  142  11:09  Immortal x2 (Chrono Boost)  
  142  11:13  Photon Cannon  
  142  11:14  Photon Cannon  
  142  11:16  Zealot x3  
  142  11:17  Zealot  
  130  11:37  Zealot x6  
  130  11:38  Zealot  
  140  11:46  Zealot  
  142  11:48  Immortal (Chrono Boost)  
  121  12:02  High Templar x7  
  134  12:09  Archon x3  
  134  12:10  Immortal (Chrono Boost)  
  134  12:11  High Templar  
  134  12:15  Archon  
  140  12:17  Immortal (Chrono Boost)  
  124  12:37  Stalker x5  
  115  12:45  Zealot, High Templar x2  
  115  12:49  Archon  
  105  12:51  Immortal (Chrono Boost)  
  105  12:54  Immortal (Chrono Boost)  
  105  13:04  Zealot x4  
  113  13:16  High Templar x2  
  113  13:18  Zealot x2  
  121  13:21  Archon  
  121  13:26  Zealot x3  
  106  13:38  Zealot x3  
  104  13:49  Zealot x2  
  104  13:53  High Templar  
  104  13:54  High Templar  
  112  13:57  Archon  
  112  13:59  Zealot  
  114  14:02  Zealot  
  102  14:13  Zealot x2  
Tags
 
Add a new tag
Caveats
  • Supply blocks, unpowered buildings, or Contaminate may cause inaccurate times.
  • Supply counts are checked every 10 seconds.